 Dungeon Crawl Stone Soup version 0.19.5 (webtiles) character file.

47 Jerry the Slasher (level 3, -1/20 HPs)
             Began as a Vine Stalker Chaos Knight on Apr 10, 2017.
             Slain by an adder (2 damage)
             ... on level 2 of the Dungeon.
             The game lasted 00:02:19 (820 turns).

Jerry the Slasher (Vine Stalker Chaos Knight)        Turns: 820, Time: 00:02:19

Health: -1/20      AC:  6    Str: 20    XL:     3   Next: 70%
Magic:  0/4        EV: 10    Int: 17    God:    Xom [..*...]
Gold:   117        SH:  0    Dex: 13    Spells: 0 memorised, 2 levels left

rFire  . . .     SeeInvis .     a - +0 falchion (chaos)
rCold  . . .     Gourm    .     n - +0 scale mail (curse)
rNeg   . . .     Faith    .     (no shield)
rPois  .         Spirit   +     (no helmet)
rElec  .         Reflect  .     (no cloak)
rCorr  .         Harm     .     (no gloves)
MR     .....                    (no boots)
Stlth  ..........               (no amulet)
                                (no ring)
                                (no ring)

@: mighty, brilliant, lethally poisoned (-1 -> -8)
A: fangs 2, magic shield, antimagic bite, no device heal 3, rot immunity
a: Renounce Religion


You were on level 2 of the Dungeon.
You worshipped Xom.
You were a toy of Xom.
You were not hungry.

You visited 1 branch of the dungeon, and saw 2 of its levels.

You collected 117 gold pieces.

Inventory:

Hand Weapons
 a - a +0 falchion of chaos (weapon)
Missiles
 p - 5 silver javelins (quivered)
Armour
 b - a +2 leather armour
 n - a cursed +0 scale mail (worn)
Scrolls
 j - a scroll of enchant weapon {unknown}
 k - a scroll of teleportation {unknown}
 o - a scroll of enchant armour {unknown}
 r - a scroll of identify {unknown}
Potions
 g - a potion of flight {unknown}
 l - a potion of heal wounds
 m - a potion of curing {unknown}
 q - a potion of might
Comestibles
 c - a bread ration
 d - 8 chunks of flesh
 f - a meat ration
 h - a beef jerky


   Skills:
 + Level 3.2 Fighting
 * Level 3.5 Long Blades
 + Level 1.9 Armour
 - Level 0.7 Dodging


You had 2 spell levels left.
You didn't know any spells.

Dungeon Overview and Level Annotations

Branches:
Dungeon (2/15)

Altars:


Innate Abilities, Weirdness & Mutations

You have extremely sharp teeth.
When hurt, damage is shared between your health and your magic reserves.
Your bite disrupts and absorbs the magic of your enemies.
Potions and wands cannot restore your health.
You are immune to rotting.


Message History

The adder is moderately wounded.
* * * LOW HITPOINT WARNING * * *
You feel sick. The adder bites you but does no damage.
You swap places.
The adder bites your dart slug zombie. x2
It was a potion of might.
You feel very mighty all of a sudden.
Xom roars with laughter!
* * * LOW HITPOINT WARNING * * *
You feel sick. The adder bites your dart slug zombie.
Your dart slug zombie is destroyed!
It was a potion of heal wounds.
That seemed strangely inert.
It was a potion of brilliance.
You feel clever all of a sudden.
* * * LOW HITPOINT WARNING * * *
You feel sick. The adder closely misses you. The adder bites you.
* * * LOW HITPOINT WARNING * * *
It was a potion of cure mutation.
It has a very clean taste.
The adder bites you.
You die...
Xom titters!

.#(##.#.. #.# #.#
####.)# ##....##.# #.#
....... ..<......
##.######### ####..#
........#####...........
.......b.w..............
......gr#####..####.####
#S# #.Z...# #.# #S#
#<#...# #.# ##
#.###@###.#...# #.# ..
#.............# #.# #
#......##.....# #.# ####
#####........## #.# ...#
##.####).####.#### ##.#
#.#.............# #.#
#.#.##......>...# #.#
#.#.##..####.#..# #.#
#[#.##..# #.#..#


You could see 2 adders, a quokka, a hobgoblin and a bat.

Vanquished Creatures
  2 dart slugs
  5 goblins
  4 hobgoblins
  10 jackals
  5 bats
  5 frilled lizards
  4 kobolds (D:2)
35 creatures vanquished.

Vanquished Creatures (collateral kills)
  A dart slug (D:2)
  A goblin (D:1)
2 creatures vanquished.

Grand Total: 37 creatures vanquished

Notes
Turn   | Place    | Note
-------+----------+-------------------------------------------
     0 | D:1      | Jerry the Vine Stalker Chaos Knight began the quest for the Orb.
     0 | D:1      | Reached XP level 1. HP: 11/11 MP: 2/2
    30 | D:1      | Reached XP level 2. HP: 14/16 MP: 3/3
   242 | D:1      | XOM: divination: magic mapping
   249 | D:1      | Reached XP level 3. HP: 18/20 MP: 4/4
   756 | D:2      | XOM: harmless Summ miscast
   796 | D:2      | XOM: cast spell 'Summon Small Mammal'
   819 | D:2      | HP: 1/20 [adder (1)]
   820 | D:2      | Slain by an adder

Skill      XL: |  1  2 |
---------------+-------+-----
Long Blades    | 3 |  3.5
Fighting       | 3 |  3.2
Armour         | |  1.9
Dodging        | |  0.7

Action                   || total
-------------------------++-------
Melee: Falchion          ||    69
       Bite              ||    12
  Use: Potion            ||     4
 Stab: Paralysed         ||     2
Armor: Leather armour    ||    13
       Scale mail        ||    17
Dodge: Dodged            ||    41
       Rpst.: Falchion   ||    16
